Map: Ephemeron LE

Players

Ratl - Winner!

  • Race: Protoss Protoss
  • League: Silver
  • Spawn Location: 5:00

VOD

Have the link to the VOD?

Description

Time

  • Played on: Feb. 11, 2020, 6:15 p.m.
  • Length: 11:25
Show
View Real Time Build Order
Export as new Build Order

Ratl Protoss - Winner!

Build Orders: 1 Gate Expand 

Get SALT Encoding   

  12  0:02  Probe  
  12  0:14  Probe  
  12  0:19  Pylon  
  12  0:27  Probe  
  12  0:39  Probe, Gateway  
  12  0:51  Probe (Chrono Boost)  
  12  0:55  Assimilator  
  12  1:02  Probe (Chrono Boost)  
  12  1:07  Probe (Chrono Boost)  
  12  1:17  Probe  
  12  1:29  Probe  
  12  1:40  Nexus  
  12  1:41  Probe  
  12  1:44  Pylon  
  12  1:52  Assimilator  
  12  1:53  Probe  
  12  2:05  Probe  
  12  2:11  Cybernetics Core  
  12  2:18  Probe  
  12  2:22  Gateway  
  12  2:30  Probe (Chrono Boost)  
  12  2:42  Probe (Chrono Boost)  
  12  2:47  Probe (Chrono Boost)  
  12  2:54  Probe (Chrono Boost)  
  12  3:01  Probe (Chrono Boost)  
  12  3:05  Probe (Chrono Boost)  
  12  3:08  Robotics Facility  
  12  3:10  Probe x2 (Chrono Boost), Stalker x2  
  12  3:11  Warp Gate  
  12  3:20  Probe (Chrono Boost)  
  12  3:21  Probe (Chrono Boost)  
  12  3:28  Probe x2 (Chrono Boost)  
  12  3:31  Pylon  
  12  3:34  Probe x2  
  12  3:42  Stalker  
  12  3:46  Probe  
  12  3:48  Pylon  
  12  3:49  Probe, Stalker  
  12  3:58  Probe  
  12  4:01  Probe  
  12  4:10  Nexus  
  12  4:12  Probe, Pylon  
  12  4:13  Probe  
  12  4:15  Assimilator  
  12  4:20  Assimilator  
  12  4:21  Stalker  
  12  4:24  Probe  
  12  4:25  Probe, Stalker  
  12  4:36  Observer  
  12  4:37  Probe x2  
  12  4:48  Pylon  
  12  4:49  Probe x2  
  12  4:58  Immortal  
  12  5:01  Probe  
  12  5:02  Probe (Chrono Boost)  
  12  5:06  Pylon  
  12  5:11  Pylon  
  12  5:13  Probe (Chrono Boost)  
  12  5:14  Probe (Chrono Boost)  
  12  5:22  Probe x2 (Chrono Boost), Stalker x2  
  12  5:29  Pylon  
  12  5:30  Probe (Chrono Boost), Pylon  
  12  5:32  Probe (Chrono Boost)  
  12  5:33  Pylon  
  12  5:35  Probe (Chrono Boost)  
  12  5:42  Probe (Chrono Boost)  
  12  5:43  Probe (Chrono Boost)  
  12  5:46  Probe (Chrono Boost)  
  12  5:49  Probe (Chrono Boost)  
  12  5:52  Nexus  
  12  5:54  Pylon  
  12  5:55  Assimilator  
  12  5:56  Assimilator  
  12  5:57  Probe (Chrono Boost)  
  12  6:00  Probe (Chrono Boost), Immortal  
  12  6:01  Probe (Chrono Boost)  
  12  6:04  Stalker x2  
  12  6:05  Probe x2 (Chrono Boost)  
  12  6:07  Probe (Chrono Boost), Gateway  
  12  6:16  Probe (Chrono Boost)  
  12  6:19  Probe (Chrono Boost)  
  12  6:21  Probe (Chrono Boost)  
  12  6:25  Probe (Chrono Boost)  
  12  6:27  Probe (Chrono Boost)  
  12  6:29  Probe (Chrono Boost)  
  12  6:30  Probe (Chrono Boost)  
  12  6:35  Probe  
  12  6:39  Probe, Stalker x2  
  12  6:42  Probe  
  12  6:47  Probe  
  12  6:50  Gateway x2  
  12  6:51  Probe  
  12  6:52  Gateway  
  12  6:53  Gateway  
  12  6:55  Gateway  
  12  6:58  Gateway  
  12  7:00  Gateway  
  12  7:02  Gateway  
  12  7:03  Probe x2  
  12  7:10  Assimilator  
  12  7:11  Probe  
  12  7:20  Twilight Council  
  12  7:23  Assimilator  
  12  7:34  Forge  
  12  7:36  Forge  
  12  7:37  Forge  
  12  7:48  Nexus  
  12  7:49  Pylon  
  12  8:18  Immortal  
  12  8:19  Stalker x3  
  12  8:20  Stalker x7  
  12  8:21  Stalker  
  12  8:29  Robotics Facility  
  12  8:31  Robotics Facility  
  12  8:34  Templar Archives  
  12  8:37  Protoss Ground Weapons Level 1 (Chrono Boost), Photon Cannon  
  12  8:38  Protoss Shields Level 1 (Chrono Boost), Protoss Ground Armor Level 1 (Chrono Boost)  
  12  8:40  Photon Cannon  
  12  8:41  Photon Cannon  
  12  8:43  Photon Cannon  
  12  8:49  Photon Cannon  
  12  8:50  Photon Cannon  
  12  8:54  Pylon  
  12  9:02  Photon Cannon  
  12  9:05  Photon Cannon  
  12  9:08  Pylon  
  12  9:11  Stalker x3  
  12  9:12  Stalker x3  
  12  9:13  Immortal, Stalker x5  
  12  9:14  Immortal  
  12  9:23  Immortal  
  12  9:54  Immortal x2  
  12  9:57  Stalker x3  
  12  9:58  Stalker  
  12  10:05  Pylon  
  12  10:23  Immortal  
  12  10:42  High Templar  
Tags
 
Add a new tag
Caveats
  • Supply blocks, unpowered buildings, or Contaminate may cause inaccurate times.
  • Supply counts are checked every 10 seconds.